Cogmind - Beta 14 @@@ ROGUE MODE // 2025.02.28 @ 11:44:22 Player: swetpototo Result: Destroyed by H-61 Shepherd with Heavy Assault Cannon Performance ------------- Evolutions (2) 1000 Regions Visited (3) 600 Robots Destroyed (54) 270 Value Destroyed (1657) 1657 Prototype IDs (2) 40 Alien Tech Used (0) 0 Bonus (0) 0 TOTAL SCORE: 3567 Bonus ------- None Cogmind --------- Core Integrity 0/550 Matter 398/450 Energy 100/100 System Corruption 0% Temperature Cool (0) Movement Core (100) Ox1 Location -8/Materials Parts ------- > --- POWER (1) -------- (None) > --- PROPULSION (3) --- (None) > --- UTILITY (5) ------ Improved Heat Sink Large Matter Pod Advanced Visual Processing Unit Hacking Suite > --- WEAPON (2) ------- (None) > --- INVENTORY (5) ---- Light Nuclear Core Wheel Sensor Array Assault Cannon Scythe Peak State ------------ > --- POWER ------------ Light Nuclear Core > --- PROPULSION ------- Aluminum Leg Aluminum Leg Aluminum Leg > --- UTILITY ---------- Improved Heat Sink Small Storage Unit Large Matter Pod Advanced Visual Processing Unit Hacking Suite > --- WEAPON ----------- Heavy Assault Cannon > --- INVENTORY -------- Light Nuclear Core Aluminum Leg Wheel Large Battery Sensor Array Backup Plating I Improved Light Armor Plating Scythe [Rating: 24] Favorites ----------- Power Improved Ion Engine Engine Improved Ion Engine Power Core Light Nuclear Core Propulsion Aluminum Leg Leg Aluminum Leg Utility Small Storage Unit Device ECM Suite Storage Small Storage Unit Processor Advanced Visual Processing Unit Hackware Hacking Suite Protection Improved Light Armor Plating Weapon Assault Cannon Energy Cannon Light EM Pulse Cannon Ballistic Gun Light Assault Rifle Ballistic Cannon Assault Cannon Build | -11 -10 -9 -8 ------- Run | Yrd Mat Mat Mat Slots Evolved 4 | . . 2 2 Power . | . . . . Propulsion 1 | . . . 1 Utility 3 | . . 2 1 Weapon . | . . . . Parts Attached 39 | . 2 16 21 Power 5 | . . 3 2 Engine 4 | . . 3 1 Core 1 | . . . 1 Reactor . | . . . . Propulsion 11 | . 1 3 7 Treads . | . . . . Leg 11 | . 1 3 7 Wheel . | . . . . Hover . | . . . . Flight . | . . . . Utility 15 | . 1 5 9 Device 7 | . 1 2 4 Storage 3 | . . 3 . Processor 1 | . . . 1 Hackware 2 | . . . 2 Protection 2 | . . . 2 Artifact . | . . . . Weapon 8 | . . 5 3 Energy Gun . | . . . . Energy Cannon 2 | . . 2 . Ballistic Gun 1 | . . 1 . Ballistic Cannon 5 | . . 2 3 Launcher . | . . . . Special Weapon . | . . . . Impact Weapon . | . . . . Slashing Weapon . | . . . . Piercing Weapon . | . . . . Special Melee Weapon . | . . . . Unidentified Prototypes . | . . . . Parts Lost 18 | . . 1 17 Power 3 | . . . 3 Propulsion 7 | . . 1 6 Utility 4 | . . . 4 Weapon 4 | . . . 4 Highest Loss Streak 5 | . . 1 5 To Critical Strikes . | . . . . Average Slot Usage (%) 92 | . 99 96 84 Engine 8 | . 14 10 3 Core 1 | . . . 4 Leg 22 | . 28 21 20 Device 15 | . 13 21 10 Storage 17 | . 14 20 17 Processor 1 | . . . 3 Hackware 3 | . . . 9 Energy Cannon 4 | . . 11 . Ballistic Gun 7 | . 28 3 . Ballistic Cannon 7 | . . 6 12 Peak Build Rating 24 | . 7 15 24 Average Rating 14 | . 6 12 20 On Entrance 8 | 6 6 7 15 Naked Turns . | . . . . Heaviest Build 29 | 12 14 28 29 Greatest Support 36 | 20 20 20 36 Greatest Overweight (x) 2 | . . 1 2 Average Overweight (x) . | . . . . Largest Inventory Capacity 8 | . 8 8 8 Average Capacity 7 | . 8 8 7 Most Carried 8 | . 8 8 8 Average Carried 7 | . 7 7 7 Final Capacity 8 | 8 8 8 5 Final Carried 8 | 6 8 8 5 Class Distribution -------------------- 64% | Mutant 34% | Scavenger-Mutant Dominant Class ---------------- Mutant | -10/Materials Mutant | -9/Materials Scavenger-Mutant | -8/Materials Resources | -11 -10 -9 -8 ----------- Run | Yrd Mat Mat Mat Matter Collected 1502 | 182 98 377 845 Remotely . | . . . . Salvage Created 1781 | . 252 668 861 Parts 114 | . 23 38 53 Haulers Intercepted 8 | . 2 2 4 Recyclers Shooed . | . . . . Parts Field Recycled . | . . . . Retrieved Matter . | . . . . Parts Self-Destructed . | . . . . Prevented . | . . . . Kills | -11 -10 -9 -8 ------- Run | Yrd Mat Mat Mat Combat Hostiles Destroyed 40 | . 5 15 20 Guns 7 | . 5 2 . Cannons 30 | . . 10 20 AOE 2 | . . 2 . Classes Destroyed 10 | . 4 3 3 Worker 2 | . . 1 1 Builder 1 | . . . 1 Hauler 8 | . 2 2 4 Operator 2 | . . 1 1 Watcher 1 | . 1 . . Swarmer 5 | . 2 3 . Grunt 25 | . 3 10 12 Sentry 7 | . . 2 5 Specialist 2 | . . . 2 Hunter 1 | . . . 1 Best Kill Streak 6 | . 3 3 6 Combat Bots Only 6 | . 3 2 6 Max Kills in Single Turn 2 | . 2 2 2 Gunslinging 1 | . 1 . . Exploded 2 | . . 2 . Melee . | . . . . Uniques/NPCs Destroyed . | . . . . Combat | -11 -10 -9 -8 -------- Run | Yrd Mat Mat Mat Hostile Shots Fired 301 | . 41 58 202 Missed 106 | . 14 18 74 Damage Taken 3151 | . 257 591 2303 Core 736 | . 40 146 550 Absorbed by Shields . | . . . . Regen/Repaired (Parts) 79 | . . . 79 Core Remaining (%) 82 | 100 84 63 . Volleys Fired 164 | . 31 35 98 Largest 2 | . 2 2 2 Hottest 112 | . 40 112 88 Shots Fired 264 | . 62 70 132 Gun 88 | . 62 26 . Cannon 176 | . . 44 132 Launcher . | . . . . Special . | . . . . Kinetic 234 | . 62 40 132 Thermal . | . . . . Explosive . | . . . . Electromagnetic 30 | . . 30 . Robot Hit Streak 11 | . 11 11 8 Robot Miss Streak 4 | . 3 4 4 Penetration Max . | . . . . Secondary Targets 1 | . 1 . . Max Gunslinging Chain 1 | . 1 . . Shots Hit Robots 165 | . 41 42 82 Core Hits 77 | . 18 20 39 Critical Kills . | . . . . Critical Parts Destroyed 1 | . . 1 . Critical Strikes 11 | . . 2 9 Destroy 1 | . . 1 . Blast 10 | . . 1 9 Melee Attacks . | . . . . Impact . | . . . . Slashing . | . . . . Piercing . | . . . . Sneak Attacks . | . . . . Combat Hostiles . | . . . . Follow-up Attacks . | . . . . Damage Inflicted 3960 | . 340 1140 2480 Guns 475 | . 335 140 . Cannons 3138 | . . 658 2480 Explosions 332 | . . 332 . Melee . | . . . . Ramming 15 | . 5 10 . Kinetic 3119 | . 335 304 2480 Thermal 332 | . . 332 . Explosive . | . . . . Electromagnetic 494 | . . 494 . Impact . | . . . . Slashing . | . . . . Piercing . | . . . . Highest Corruption 2 | . 1 2 . Average Corruption 1 | . 1 2 . Corruption Purged . | . . . . Corruption Blocked . | . . . . Effects 15 | . 2 13 . Message Errors 8 | . 2 6 . Matter Fused 4 | . . 4 . Heat Flow Errors 1 | . . 1 . Data Loss (minor) 2 | . . 2 . Overload Shots . | . . . . Overflow Damage 204 | . . 187 17 Projectiles 37 | . . 20 17 Explosions 167 | . . 167 . Melee . | . . . . Knockbacks 15 | . . . 15 Impact . | . . . . Kinetic 14 | . . . 14 Secondary 1 | . . . 1 Self-Inflicted Damage 157 | . . 157 . Shots 3 | . . 3 . Rammed . | . . . . Targets Rammed 4 | . 2 2 . Kicked 4 | . 2 2 . Crushed . | . . . . Highest Temperature 303 | . 12 272 303 Average Temperature 59 | . 7 48 75 Received Heat Transfer 1074 | . 48 135 891 Siege Activations . | . . . . Robots Corrupted 1 | . . 1 . Combat Hostiles 1 | . . 1 . Parts Fried . | . . . . Impact Corruptions . | . . . . Robots Melted . | . . . . Combat Hostiles . | . . . . Parts Melted 1 | . . . 1 Heat Transferred 200 | . . 200 . Parts Sabotaged . | . . . . Parts Stolen . | . . . . Parts Stripped . | . . . . Power Chain Reactions 1 | . . 1 . Alert | -11 -10 -9 -8 ------- Run | Yrd Mat Mat Mat Peak Influence 343 | . 95 300 343 Initial 52 | . . 33 52 Average 155 | . 42 161 213 Maximum Alert Level 1 | . . 1 1 Low Security (%) 64 | . 100 70 37 Level 1 35 | . . 29 62 Level 2 . | . . . . Level 3 . | . . . . Level 4 . | . . . . Level 5 . | . . . . High Security . | . . . . Max Security . | . . . . Squads Dispatched 15 | . 1 6 8 Investigation 5 | . 1 3 1 Extermination . | . . . . Reinforcement 7 | . . 3 4 Assault . | . . . . Garrison 3 | . . . 3 Intercept . | . . . . Searches Triggered . | . . . . Construction Impeded . | . . . . Haulers Reinforced . | . . . . Active Scanning Responses . | . . . . Cargo Convoy Interrupts . | . . . . Stealth | -11 -10 -9 -8 --------- Run | Yrd Mat Mat Mat Distress Signals 2 | . 1 . 1 Communications Jammed . | . . . . Distress Signals . | . . . . Times Spotted 72 | . 17 24 31 Peak Tracking Total 10 | . 3 4 10 Tactical Retreats 10 | . 2 5 3 Traps | -11 -10 -9 -8 ------- Run | Yrd Mat Mat Mat Traps Triggered 5 | . 1 3 1 Indirectly . | . . . . Trap Hack Attempts . | . . . . Triggered . | . . . . Disarmed . | . . . . Reprogrammed . | . . . . Reused . | . . . . Traps Extracted . | . . . . Installed . | . . . . Triggered . | . . . . Machines | -11 -10 -9 -8 ---------- Run | Yrd Mat Mat Mat Machines Disabled 3 | . . 2 1 Max in Single Turn 2 | . . 2 1 Machines Repaired . | . . . . Machines Dismantled . | . . . . Machines Sabotaged . | . . . . Overloaded Fab Kills . | . . . . Hacking | -11 -10 -9 -8 --------- Run | Yrd Mat Mat Mat Machines Accessed 6 | . 1 1 4 Terminals 4 | . 1 1 2 Fabricators . | . . . . Repair Stations 1 | . . . 1 Recycling Units . | . . . . Scanalyzers . | . . . . Garrison Access 1 | . . . 1 Total Hacks 18 | . 3 2 13 Successful 10 | . 3 . 7 Failed 8 | . . 2 6 Catastrophic 1 | . . 1 . Database Lockouts . | . . . . Manual 7 | . . 2 5 Terminals 12 | . 3 2 7 Fabricators . | . . . . Repair Stations 4 | . . . 4 Recycling Units . | . . . . Scanalyzers . | . . . . Garrison Access 2 | . . . 2 Terminal Hacks 5 | . 3 . 2 Record 1 | . 1 . . Prototype ID Bank 1 | . 1 . . Alert Level 1 | . . . 1 Dispatch Records 1 | . . . 1 Maintenance Status 1 | . 1 . . Fabricator Hacks . | . . . . Repair Station Hacks 4 | . . . 4 Scan Component 2 | . . . 2 Repair 2 | . . . 2 Recycling Unit Hacks . | . . . . Scanalyzer . | . . . . Garrison Access Hacks . | . . . . Unauthorized Hacks 1 | . . . 1 Terminals . | . . . . Fabricators . | . . . . Repair Stations . | . . . . Recycling Units . | . . . . Scanalyzers . | . . . . Garrison Access 1 | . . . 1 Reprogram 1 | . . . 1 Data Cores Recovered . | . . . . Used . | . . . . Hacking Detections 5 | . 1 1 3 Full Trace Events 2 | . 1 1 . Feedback Events . | . . . . Feedback Blocked . | . . . . Robot Schematics Acquired . | . . . . Robots Built . | . . . . Authchips . | . . . . Time . | . . . . Total Robot Build Rating . | . . . . Part Schematics Acquired . | . . . . Parts Built . | . . . . Authchips . | . . . . Time . | . . . . Total Part Build Rating . | . . . . Parts Repaired 2 | . . . 2 Time 52 | . . . 52 Parts Recycled . | . . . . Recycled Matter . | . . . . Retrieved Matter . | . . . . Retrieved Components . | . . . . Parts Scanalyzed . | . . . . Part Schematics Acquired . | . . . . Parts Damaged . | . . . . Bothacking | -11 -10 -9 -8 ------------ Run | Yrd Mat Mat Mat Used RIF Installer . | . . . . Robots Hacked . | . . . . Non-combat . | . . . . Combat . | . . . . Robot Hacks Applied . | . . . . Relay Couplers Released . | . . . . Fabnet Peak Effective % . | . . . . Robots Rewired . | . . . . Allies Hacked . | . . . . Hacks Repelled . | . . . . Allies | -11 -10 -9 -8 -------- Run | Yrd Mat Mat Mat Total Allies 1 | . . . 1 Largest Group 1 | . . . 1 Highest-Rated Group 15 | . . . 15 Highest-Rated Ally 15 | . . . 15 Total Orders . | . . . . Ally Attacks 7 | . . . 7 Total Damage 131 | . . . 131 Kills . | . . . . Allies Corrupted . | . . . . Allies Melted . | . . . . Intel | -11 -10 -9 -8 ------- Run | Yrd Mat Mat Mat Robot Analysis Total . | . . . . Derelict Logs Recovered . | . . . . Drone Launches . | . . . . Drone Recoveries . | . . . . Exploration | -11 -10 -9 -8 ------------- Run | Yrd Mat Mat Mat Turns Passed 3056 | . 638 1288 1130 Spaces Moved 1166 | 1 334 470 361 Core . | . . . . Treads . | . . . . Legs 1166 | 1 334 470 361 Wheels . | . . . . Hover . | . . . . Flight . | . . . . Fastest Speed 120 | 120 120 120 120 Average Speed 148 | 120 120 178 135 Slowest Speed 260 | 120 120 190 260 Overloaded Moves . | . . . . Propulsion Burnouts . | . . . . Robots Hopped . | . . . . Cave-ins Triggered . | . . . . Exploration Rate (%) 25 | 2 46 25 29 Regions Visited 3 Branch Regions . Pre-discovered Areas . | . . . . Known Exits Taken . | . . . . Unknown Exits Taken 3 | 1 1 1 . Scrap Searched . | . . . . Spaces Dug . | . . . . Terrain Destroyed 68 | . . 49 19 Melee . | . . . . Projectile 23 | . . 4 19 AOE 45 | . . 45 . Terrain Rammed . | . . . . Walls Destroyed . | . . . . Machines Disabled . | . . . . Actions | -11 -10 -9 -8 --------- Run | Yrd Mat Mat Mat Total 2236 | . 523 852 861 Wait 813 | . 144 308 361 Move 1163 | . 333 469 361 Hop . | . . . . Pick Up 22 | . 6 7 9 Fast Attach 22 | . 1 7 14 Attach 7 | . . 2 5 Detach 2 | . . . 2 Swap 10 | . 1 7 2 Drop 29 | . 5 15 9 Fire 164 | . 31 35 98 Melee . | . . . . Ram . | . . . . Kick 4 | . 2 2 . Crush . | . . . . Escape Stasis . | . . . . Rewire . | . . . . Trap . | . . . . Miscellaneous . | . . . . Route ------- -11/Scrapyard -10/Materials -9/Materials -8/Materials (discovered 1 exit: [*Fac]) History --------- Turn | Location | Event 1 | -11/Scrapyard | Discovered new exit (range 0) 1 | -11/Scrapyard | Entered Materials 314 | -10/Materials | Build established: Mutant 615 | -10/Materials | Discovered new exit (range 16) 639 | -10/Materials | Entered another Materials area 639 | -9/Materials | Evolved 2 slots: Utility x2 1915 | -9/Materials | Discovered new exit (range 7) 1927 | -9/Materials | Entered another Materials area 1927 | -8/Materials | Evolved 2 slots: Propulsion x1, Utility x1 2007 | -8/Materials | Repaired Aluminum Leg 2035 | -8/Materials | Repaired Aluminum Leg 2218 | -8/Materials | Lost 5 parts (1p1n2u1w) 2324 | -8/Materials | Garrison activated, responded to threat 2365 | -8/Materials | Lost 3 parts (2n1w) 2455 | -8/Materials | Lost 3 parts (1p1n1u) 2660 | -8/Materials | Build established: Scavenger-Mutant 2776 | -8/Materials | Discovered new exit (range 20) 3041 | -8/Materials | Core integrity fell below 50% 3050 | -8/Materials | Core integrity fell below 20% 3057 | -8/Materials | Destroyed by H-61 Shepherd with Heavy Assault Cannon Last Messages --------------- 03038_ Aluminum Leg destroyed. 03038_ Critical hit (Blast). 03040_ X-57 Shotgunner knocked back. 03040_ Penetrated by Slug. 03041_ R-06 Scavenger collects Prototype Flight Unit. 03044_ Knocked back. 03047_ Penetrated by Slug. 03047_ R-06 Scavenger suffers critical hit (Blast). 03047_ R-06 Scavenger destroyed. 03047_ X-57 Shotgunner destroyed. 03049_ Aluminum Leg blasted off. 03050_ Slug penetrates H-61 Shepherd. 03051_ H-61 Shepherd calls for reinforcements. 03051_ ALERT: Hostile activity reported, dispatching reinforcements to area. 03051_ Slug penetrates Wall. 03057_ Penetrated by Slug. 03057_ Hvy. Assault Cannon destroyed. Map ----- +----------------------------------------------------+ | | | | | | | | | | | | | | | | | | | | | | | | | ?????????????????????????????????????????????????? | | ?????????????????????????????????????????????????? | | ???????????????#?????????????????????????????????? | | ???????????????# ????????????????????#######?????? | | ???????????????# ???????????????????## #?????? | | ???????????????# ??????????????????# #?????? | | ???????????????# ?????????????????# #?????? | | ???????????????? ????????????????# [%%#?????? | | ?????????????????? ??????????????## ==*=#?????? | | ??????????????????? ??#######????# % !####### | | ?????????######;#####+### ##########u### # | | ?????????#; = w %% % % [ [# | | ?????????#;%H%[! !=% *==! # | | ??????????#=[=%% =@%=%=%=! t # | | ??????????????#= ;;;#;## = ;###;######### | | ????????????????????????############???????### ### | | ????????????????????????????# ^ #######???# # | | ????????????????????????????# ^ *# #???# + | | ????????????????????????????# ##### # | | ????????????????????????????#! !] # | | ????????????????????????????# # #######? | | ????????????????????????????#! [# #??????? | | ????????????????????????????### ## #### ##???????? | | ??????????????????????????????######??# #????????? | | ??????????????????????????????????????# #????????? | | ??????????????????????????????????????# #????????? | | ??????????????????????????????????????# #????????? | | ??????????????????????????????????????# #????????" | | ??????????????????????????????????????# #?????" "" | | ??????????????????????????????????????# #?????" "" | | ??????????????????????????????????????# #????? | | ??????????????????????????????????????# #?????#### | | ??????????????????????????????????????# ????????? | | ??????????????????????????????????????? ????????? | | ??????????????????????????????????????? ????????? | | ??????????????????????????????????????? ????????? | | ??????????????????????????????????????? ????????? | | ?????????????????????????????????????????????????? | +----------------------------------------------------+ Best States ------------- Heat Dissipation 45 Energy Generation 14 Energy Capacity 465 Matter Stores 450 Matter Capacity 450 Sight Range 20 Robot Scan Range 14 Terrain Scan Range 14 Terrain Scan Density 10 ECM Strength 1 Additional Mass Support 6 Armor Coverage 150 Evasion (%) 63 Offensive Hacking 20 Item Schematics ----------------- None Robot Schematics ------------------ None Fabricated ------------ Nothing Alien Tech Used ----------------- None Achievements -------------- None Challenges ------------ None Game ------ Seed RestorationReactiveCycler Manual? 0 Play Time 00:29:42 Cumulative 91.7 hours Start 2025.02.28 @ 10:54:03 End 2025.02.28 @ 11:44:22 Sessions 3 Manual Loads 0 Difficulty Rogue Special Mode None Game No. 114 Rogue 44 Adventurer 54 Explorer 16 Win Type - Total 9 Types 8/0/1/0/0/0/0/0/0 Lore% 30 Gallery% 59 Achievement% 44 Wizard Run 0 Options --------- Layout 1 ASCII 0 Keyboard 1 Movement Arrows Keybinds 1 Fullscreen 1 Font 24/Smallcaps Map View 50x40 Zoom Use 0% Tactical HUD 1 Map Filters NONE Filters NONE Steam 1 RUN: 8c67d464-65ff-44a3-8cc1-401c923400c3